AoeStats
← Dd

African Clearing

510461603Analyzed
4v4 RM · 13h ago on Oct 1, 2026· 42m 52s· 8 players
Game mode
Random Map
Map size
Large (8 player)
Population
200
Speed
Normal
Resources
Standard
Victory
Conquest
Starting age
Dark Age
Ending age
Imperial Age
RankedLock teamsTeams togetherTeam positionsShared explorationLock speedFull tech treeHidden civsTurbo modeCheats
Victory
Defeat
🇺🇸 Mongols · United States
1519
+12
🇲🇽 Saracens · Mexico
1514
+12
🇧🇷 Huns · Brazil
1457
+14
🇺🇸 Saxons · United States
1456
+14
🇨🇳 Burmese · China
1431
-13
🇨🇳 Poles · China
1421
-13
🇨🇳 Huns · China
1417
-13
🇦🇷 Magyars · Argentina
1411
-13
Dwarf king
9:48 Loom
12:29 Feudal Age
17:40 Castle Age
15:54 Fishing Lines
16:29 Double-Bit Axe
18:52 Bow Saw
22:09 Gillnets
25:16 Stone Mining
25:25 Fletching
30:04 Bodkin Arrow
30:30 Ballistics
30:15 Gold Mining
31:00 Husbandry
31:13 Padded Archer Armor
32:43 Bloodlines
32:32 Horse Collar
33:56 Thumb Ring
38:01 Imperial Age
37:36 Wheelbarrow
36:47 Town Watch
37:22 Leather Archer Armor
38:58 Bracer
38:35 Elite Mangudai
40:28 Chemistry
40:10 Gold Shaft Mining
40:11 Stone Shaft Mining
41:31 Conscription
42:25 Hand Cart
43:30 Parthian Tactics
busy pushing deer
14:02 Feudal Age
17:32 Castle Age
16:10 Double-Bit Axe
18:55 Bow Saw
19:56 Horse Collar
20:56 Wheelbarrow
20:06 Town Watch
20:10 Fishing Lines
20:54 Gillnets
22:17 Heavy Plow
28:52 Hand Cart
28:23 Loom
28:45 Gold Mining
28:46 Stone Mining
30:13 Fletching
33:23 Imperial Age
31:37 Ballistics
31:51 Bodkin Arrow
31:57 Padded Archer Armor
32:42 Treadmill Crane
32:56 Guard Tower
32:48 Clerical Recruitment
33:39 Husbandry
33:57 Bloodlines
34:01 Town Patrol
33:50 Cranequins
34:38 Thumb Ring
35:38 Chemistry
34:47 Bracer
35:02 Leather Archer Armor
37:13 Conscription
36:14 Shield Wall
37:42 Coinage
37:51 Keep
37:01 Arrowslits
37:22 Siege Engineers
37:56 Keep
37:07 Arrowslits
40:11 Banking
39:51 Guilds
40:49 Gold Shaft Mining
42:26 Two-Man Saw
[SotC ]Risck
Mr. M
5:19 Loom
12:09 Feudal Age
13:30 Double-Bit Axe
20:06 Forging
20:16 Horse Collar
23:33 Scale Barding Armor
24:35 Bloodlines
25:31 Wheelbarrow
28:01 Castle Age
26:22 Gold Mining
28:16 Light Cavalry
28:56 Husbandry
29:18 Chain Barding Armor
29:34 Iron Casting
33:23 Bow Saw
35:55 Heavy Plow
44:23 Imperial Age
42:09 Hand Cart
PocaChota
12:56 Loom
15:07 Feudal Age
16:12 Double-Bit Axe
20:22 Castle Age
21:49 Bow Saw
27:22 Town Watch
28:13 Wheelbarrow
29:07 Padded Archer Armor
29:52 Pikeman
30:45 Fletching
30:17 Elite Skirmisher
33:45 Thumb Ring
34:02 Ballistics
33:39 Bodkin Arrow
35:21 Hand Cart
35:49 Leather Archer Armor
41:33 Imperial Age
40:31 Horse Collar
40:42 Gold Mining
40:44 Stone Mining
hoot
10:57 Feudal Age
11:13 Loom
UU
4:09 Loom
5:33 Loom
14:20 Feudal Age
20:01 Castle Age
18:44 Town Watch
22:52 Horse Collar
26:19 Heavy Plow
30:01 Wheelbarrow
30:33 Padded Archer Armor
30:57 Husbandry
31:09 Bloodlines
32:20 Gold Mining
33:09 Manipur Cavalry
34:07 Ballistics
39:59 Imperial Age
39:00 Hand Cart
40:21 Fletching
43:04 Imperial Age
41:01 Masonry
40:52 Light Cavalry
41:00 Pikeman
41:41 Squires
41:43 Scale Mail Armor
41:53 Forging
Dd
8:43 Loom
11:33 Feudal Age
12:58 Horse Collar
13:32 Double-Bit Axe
18:30 Scale Barding Armor
18:36 Forging
21:56 Castle Age
23:04 Bloodlines
23:56 Light Cavalry
26:06 Stone Mining
26:06 Gold Mining
33:59 Heavy Plow
35:31 Szlachta Privileges
36:21 Scale Barding Armor
36:27 Forging
37:50 Wheelbarrow
37:24 Husbandry
39:45 Chain Barding Armor
40:01 Iron Casting
44:00 Imperial Age
41:45 Padded Archer Armor
41:36 Fletching
41:50 Elite Skirmisher
42:36 Thumb Ring
43:01 Ballistics
Connection lost

Rejoining the realm…

Still unreachable

The connection could not be restored.

Session expired

The server has moved on; the page needs a fresh start.